 Dungeon Crawl Stone Soup version 0.32-a0-711-g016ad743e0 (webtiles) character file.

Game seed: 17354247592138680458

16256 cojito the Fighter (level 12, -9/111 HPs)
             Began as a Mountain Dwarf Monk on Mar 16, 2024.
             Was an Elder of Cheibriados.
             Mangled by a death yak (21 damage)
             ... led by a torpor snail
             ... on level 2 of the Lair of Beasts.
             The game lasted 00:21:25 (13818 turns).

cojito the Fighter (Mountain Dwarf Monk)           Turns: 13818, Time: 00:21:26

Health: -9/111     AC: 14    Str: 28    XL:     12   Next: 8%
Magic:  12/19      EV: 13    Int: 25    God:    Cheibriados [****..]
Gold:   222        SH:  0    Dex: 25    Spells: 14/21 levels left

rFire   + . .        v - +8 battleaxe of Blood-Lust {holy, rN+ Int+3 Dex+3}
rCold   + . .        (shield currently unavailable)
rNeg    + . .        N - +2 ring mail {rF+}
rPois   .            (no helmet)
rElec   .            p - +0 cloak
rCorr   .            K - +0 pair of gloves
SInv    .            M - +0 pair of boots
Will    +....        (no amulet)
Stlth   +            e - ring of protection from cold
HPRegen 0.38/turn    (no ring)
MPRegen 0.16/turn

%: no passive effects
@: very slow
A: runic magic, artefact enchanting
a: Renounce Religion, Bend Time, Temporal Distortion, Slouch


You were on level 2 of the Lair of Beasts.
You worshipped Cheibriados.
Cheibriados was greatly pleased with you.
You visited 3 branches of the dungeon, and saw 13 of its levels.

You collected 654 gold pieces.
You spent 432 gold pieces at shops.

Inventory:

Hand Weapons
 a - a +3 heavy hand axe
 b - a +3 sling of flaming
 r - a +0 whip of venom
 v - the +8 battleaxe of Blood-Lust (weapon) {holy, rN+ Int+3 Dex+3}
   (You found it on level 9 of the Dungeon)

   Int+3:     It affects your intelligence (+3).
   Dex+3:     It affects your dexterity (+3).
   rN+:       It protects you from negative energy.
 D - a +0 scimitar of flaming
Missiles
 F - a throwing net (quivered)
Armour
 d - an orb of light
 p - a +0 cloak (worn)
 s - a +0 plate armour
 E - +1 steam dragon scales
 K - a +0 pair of gloves (worn)
 M - a +0 pair of boots (worn)
 N - a +2 ring mail of fire resistance (worn)
Jewellery
 e - a ring of protection from cold (left hand)
 x - a +5 ring of evasion
Wands
 g - a wand of acid (5)
 m - a wand of polymorph (12)
 q - a wand of flame (4)
 y - a wand of charming (4)
 z - a wand of mindburst (14)
 C - a wand of digging (5)
Scrolls
 c - a scroll of vulnerability {unknown}
 f - 3 scrolls of teleportation {unknown}
 i - 2 scrolls of poison {unknown}
 j - a scroll of butterflies {unknown}
 k - 3 scrolls of enchant weapon
 o - 2 scrolls of amnesia
 t - a scroll of enchant armour
 u - a scroll of blinking
 A - 2 scrolls of fear {unknown}
 H - a scroll of torment {unknown}
 I - a scroll of silence {unknown}
 J - a scroll of acquirement {unknown}
 L - 2 scrolls of identify
 O - a scroll of immolation {unknown}
Potions
 h - 4 potions of curing
 l - a potion of ambrosia
 n - 2 potions of mutation
 w - a potion of heal wounds
 G - a potion of attraction
Miscellaneous
 B - a tin of tremorstones (2/2)


   Skills:
 * Level 11.7 Fighting
 + Level 9.5 Axes
 * Level 11.2 Armour
 + Level 4.1 Dodging
 + Level 5.0 Spellcasting
 + Level 3.5 Conjurations
 + Level 2.9 Air Magic
 + Level 8.2 Invocations


You had 14 spell levels left.
You knew the following spells:

 Your Spells              Type           Power      Damage    Failure   Level
a - Blink                 Tloc           12%        N/A       13%         2
b - Arcjolt               Conj/Air       11%        1d21      54%         5

Your spell library contained the following spells:

 Spells                   Type           Power      Damage    Failure   Level
 Magic Dart               Conj           96%        1d7       1%          1
 Call Imp                 Summ           12%        N/A       13%         2
 Ensorcelled Hibernation  Hex/Ice        12%        N/A       13%         2
 Fugue of the Fallen      Necr           6%         N/A       26%         3
 Vhi's Electric Charge    Tloc/Air       26%        N/A       43%         4
 Anguish                  Hex/Necr       3%         N/A       65%         4
 Plasma Beam              Fire/Air       6%         2x1d17    100%        6


Dungeon Overview and Level Annotations

Branches:
Dungeon (10/15)            Temple (1/1) D:4            Lair (2/5) D:10
 Spider (0/4) Lair:2
  Swamp: Lair:2-3    Shoals: Lair:2-3       Orc: D:9-12

Altars:
Ashenzari
Cheibriados
Dithmenos
Elyvilon
Fedhas
Hepliaklqana
Kikubaaqudgha
Makhleb
Nemelex Xobeh
Okawaru
Qazlal
Ru
Sif Muna
Trog
Uskayaw
Vehumet
Wu Jian
Xom
Yredelemnul
Zin
The Shining One
Beogh
Ignis
Jiyva

Shops:
D:4 :

Annotations:
D:3 Ijyb


Innate Abilities, Weirdness & Mutations

Your spellcasting is much less encumbered by armour.
You can use scrolls of enchantment on lesser artefacts.


Message History

You slash the death yak! The death yak gores you. The death yak misses you.
The torpor snail barely misses you.
You hit the torpor snail.
The torpor snail is moderately wounded.
You barely miss the death yak. The death yak gores you!!
The torpor snail bites you. The death yak barely misses you.
You slash the torpor snail!
The torpor snail is heavily wounded.
You hit the death yak.
The death yak gores you but does no damage.
The torpor snail misses you. The flow of time bends around you.
Cheibriados rebukes the death yak.
The death yak seems to slow down.
Cheibriados rebukes the torpor snail.
The torpor snail seems to slow down.
The death yak gores you. The torpor snail bites you!
* * * LOW HITPOINT WARNING * * *
You slice the torpor snail!!
The torpor snail is almost dead.
You hit the death yak.
The death yak gores you but does no damage.
The torpor snail bites you!
* * * LOW HITPOINT WARNING * * *
The death yak gores you.
* * * LOW HITPOINT WARNING * * *
You hit the torpor snail.
The torpor snail is almost dead.
You hit the death yak. The death yak barely misses you.
The torpor snail bites you!
* * * LOW HITPOINT WARNING * * *
Activating: Slouch (6% risk of failure)
Press: ? - help, Dir - look around, f - activate You can feel time thicken for a moment.
You kill the torpor snail!
You feel yourself speed up.
The death yak is no longer moving slowly.
The death yak gores you!!
You die...
Cheibriados appreciates the motionlessness of death.

...# ...# ## ###. ...## #
##.##.P..
....####..#.####......
....................
................†Y#
............# ##@#
............###..#
#............##..#
#.....††.....###.##
......>......###..#
............P##..#####
.............###..##.####
.#......................##
#.>.#P####P..............#


You could see a death yak.

Vanquished Creatures
  Snorg (D:10)
  A catoblepas (Lair:2)
  2 two-headed ogres
  A death yak (Lair:2)
  Nergalle (D:10)
  The ghost of Lightli the Skirmisher, a novice DrBr of Makhleb (D:9)
  2 black mambas
  Joseph (D:8)
  A torpor snail (Lair:2)
  2 kobold demonologists (D:10)
  Maggie (D:8)
  4 komodo dragons
  2 hornets
  Prince Ribbit (D:8)
  A polar bear (Lair:2)
  A slime creature (D:9)
  4 wyverns
  5 yaks (Lair:1)
  A basilisk (Lair:1)
  A steam dragon (D:9)
  Grum (D:8)
  The ghost of crimsonchili123 the Ducker, an amateur DjFE (D:4)
  11 water moccasins
  3 orc warriors
  2 ice beasts
  4 sky beasts
  14 wolves
  A black bear (D:6)
  2 ogres (D:5)
  2 centaurs
  A phantom (D:5)
  7 kobold brigands
  7 bullfrogs
  A scorpion (D:6)
  A gnoll sergeant (D:10)
  4 wights (D:7)
  7 killer bees (D:10)
  3 howler monkeys (D:9)
  4 jellies
  5 hounds
  A gnoll bouda (D:8)
  11 orc priests
  2 iguanas
  Terence (D:3)
  2 sleepcaps (D:5)
  15 orc wizards
  10 gnolls
  2 adders (D:5)
  2 white imps
  4 dart slugs
  35 orcs
  5 endoplasms
  7 giant cockroaches
  3 goblins
  7 hobgoblins
  10 jackals
  6 quokkas
  3 ball pythons
  7 bats
  3 frilled lizards (D:1)
  33 kobolds
  4 rats
288 creatures vanquished.

Notes
Turn   | Place    | Note
-------+----------+-------------------------------------------
     0 | D:1      | cojito the Mountain Dwarf Monk began the quest for the Orb.
     0 | D:1      | Reached XP level 1. HP: 19/19 MP: 1/1
   342 | D:1      | Reached skill level 1 in Armour
   342 | D:1      | Reached XP level 2. HP: 20/26 MP: 2/2
   856 | D:1      | Reached XP level 3. HP: 33/33 MP: 3/3
  1117 | D:2      | Found a faded altar of an unknown god.
  1654 | D:1      | Reached XP level 4. HP: 16/40 MP: 4/4
  1997 | D:3      | Noticed Terence
  2022 | D:3      | Killed Terence
  2169 | D:3      | Noticed Ijyb
  2693 | D:3      | Found a white marble altar of Elyvilon.
  2693 | D:3      | Found a sacrificial altar of Ru.
  2828 | D:4      | Found a staircase to the Ecumenical Temple.
  2863 | Temple   | Entered the Ecumenical Temple
  2875 | Temple   | Became a worshipper of Cheibriados the Contemplative
  2875 | Temple   | Reached * piety under Cheibriados
  2875 | Temple   | Reached ** piety under Cheibriados
  3021 | D:4      | Reached XP level 5. HP: 42/47 MP: 5/5
  3086 | D:4      | Reached skill level 5 in Fighting
  3148 | D:4      | Found Zexus's Book Shoppe.
  3149 | D:4      | Found a stormy altar of Qazlal.
  3246 | D:4      | Noticed an orc warrior
  3274 | D:4      | Reached skill level 1 in Invocations
  3274 | D:4      | Killed an orc warrior
  3275 | D:4      | Reached XP level 6. HP: 15/56 MP: 5/7
  3417 | D:4      | Found a runed translucent gate.
  3417 | D:4      | Found a runed translucent gate.
  3417 | D:4      | Found a runed translucent gate.
  3423 | D:4      | Identified the +0 leather armour of the Vestibule of Hell
                  | {-Tele rPois Str+3 Dex+9}
  3425 | D:4      | Noticed crimsonchili123's ghost (amateur DjFE)
  3594 | D:4      | Found a glowing golden altar of the Shining One.
  3595 | D:4      | Found a hide-covered altar of Uskayaw.
  3596 | D:4      | Found a shadowy altar of Dithmenos.
  3597 | D:4      | Found an iron altar of Okawaru.
  3598 | D:4      | Found a shimmering altar of Xom.
  3653 | D:4      | Found a roughly hewn altar of Beogh.
  3713 | D:5      | Entered Level 5 of the Dungeon
  3726 | D:5      | Reached skill level 5 in Axes
  4218 | D:5      | Reached XP level 7. HP: 38/62 MP: 8/8
  4541 | D:5      | Reached skill level 5 in Armour
  5255 | D:6      | Reached *** piety under Cheibriados
  5265 | D:6      | Reached XP level 8. HP: 52/71 MP: 10/10
  5270 | D:6      | Learned a level 2 spell: Blink
  5554 | D:6      | Found a sparkling altar of Nemelex Xobeh.
  6268 | D:7      | Reached skill level 1 in Spellcasting
  6494 | D:7      | Reached skill level 5 in Invocations
  6510 | D:7      | Reached XP level 9. HP: 47/81 MP: 12/12
  7126 | D:7      | Reached **** piety under Cheibriados
  7906 | D:8      | Noticed Prince Ribbit
  7918 | D:8      | Killed Prince Ribbit
  8109 | D:8      | Noticed Joseph
  8125 | D:8      | Killed Joseph
  8304 | D:8      | Noticed Maggie
  8316 | D:8      | Killed Maggie
  8524 | D:8      | Noticed Grum
  8540 | D:8      | Reached XP level 10. HP: 57/91 MP: 8/14
  8542 | D:8      | Killed Grum
  9137 | D:9      | Paralysed by a hornet for 2 turns
  9141 | D:9      | Paralysed by a hornet for 1 turns
  9532 | D:4      | Bought a book of Lightning for 432 gold pieces
  9538 | D:4      | Learned a level 5 spell: Arcjolt
  9644 | D:10     | Entered Level 10 of the Dungeon
  9728 | D:9      | Found a runed translucent gate.
  9728 | D:9      | Found a runed translucent gate.
  9729 | D:9      | Found a runed translucent gate.
  9732 | D:9      | Noticed Lightli's ghost (novice DrBr)
 10022 | D:9      | Noticed a two-headed ogre
 10032 | D:9      | Killed a two-headed ogre
 10033 | D:9      | Reached skill level 10 in Fighting
 10281 | D:9      | Found a viscous altar of Jiyva.
 10289 | D:9      | Reached skill level 1 in Conjurations
 10295 | D:9      | Killed Lightli's ghost
 10296 | D:9      | Reached skill level 1 in Air Magic
 10358 | D:9      | Identified the +8 battleaxe of Blood-Lust {holy, rN+ Int+3
                  | Dex+3}
 10711 | D:10     | Noticed Snorg
 10735 | D:10     | Killed Snorg
 10736 | D:10     | Reached skill level 10 in Armour
 10736 | D:10     | Reached XP level 11. HP: 62/101 MP: 17/17
 10934 | D:10     | Found a staircase to the Lair.
 11062 | D:10     | Noticed Nergalle
 11069 | D:10     | Killed Nergalle
 11439 | D:10     | Noticed a two-headed ogre
 11443 | D:10     | Killed a two-headed ogre
 11514 | D:10     | HP: 5/101 [kobold demonologist/+0 dagger (5)]
 11714 | Lair:1   | Entered Level 1 of the Lair of Beasts
 12104 | D:4      | Killed crimsonchili123's ghost
 13265 | Lair:2   | Reached ***** piety under Cheibriados
 13358 | Lair:2   | Found a hole to the Spider Nest.
 13365 | Lair:2   | Noticed a catoblepas
 13378 | Lair:2   | Killed a catoblepas
 13379 | Lair:2   | Reached XP level 12. HP: 80/110 MP: 19/19
 13803 | Lair:2   | Noticed a death yak
 13806 | Lair:2   | Noticed a death yak
 13810 | Lair:2   | Killed a death yak
 13811 | Lair:2   | Reached skill level 5 in Spellcasting
 13818 | Lair:2   | Mangled by a death yak

Illustrated notes

Levels and vault maps discovered:
D:1:      minmay_arrival_jagged, layout_basic, kennysheep_small_spiral
D:2:      minmay_angry_zag, layout_basic, basic_ecumenical_altar,
          chequers_mini_garden, minivault_23, minmay_3d_cube
D:3:      layout_basic, lemuel_doored_altar, gammafunk_temple_overflow_elements,
          uniq_terence, uniq_ijyb, uniq_sigmund
D:4:      layout_cave_pools, minitemple, minmay_temple_entry_mist, serial_shops,
          shop, biasface_ghost_orc_armoury
D:5:      layout_layer_cave
D:6:      layout_basic, marbit_many_paths
D:7:      layout_layer_cave
D:8:      layout_loops_cross, uniq_maggie, uniq_joseph, uniq_grum,
          uniq_prince_ribbit1
D:9:      layout_loops_ring, gammafunk_ghost_ooze
D:10:     layout_basic, erik_lair_orcish_takeover, uniq_nergalle, uniq_snorg
Temple:   pdpol_scorched_temple
Lair:1:   layout_chaotic_city, serial_forest, infiniplex_forest_lined_corner,
          infiniplex_forest_clump_tiny, infiniplex_forest_lined_3_way,
          infiniplex_forest_end_double, infiniplex_forest_straight_2,
          infiniplex_forest_clump_double, infiniplex_forest_straight_4,
          infiniplex_forest_end_1, infiniplex_forest_zigzag_1,
          infiniplex_forest_end_1, guppyfry_lair_drakes, lemuel_fruit_tree
Lair:2:   layout_small_grid, nicolae_swamp_entry_splash_gauntlet,
          spider_nest_entry_web_field

Skill      XL: |  1  2  3  4  5  6  7  8  9 10 11 12 |
---------------+-------------------------------------+-----
Armour         | 1 2 3 4 5 7 8 10 11 | 11.2
Axes           | 4 5 6 7 8 9 |  9.5
Fighting       | 4 5 6 8 9 10 11 | 11.7
Invocations    | 1 2 3 5 6 7 8 |  8.2
Spellcasting   | 1 3 4 5 |  5.0
Conjurations   | 2 3 |  3.5
Dodging        | 3 4 |  4.1
Air Magic      | 1 2 |  2.9

Action                     |  1- 3 |  4- 6 |  7- 9 | 10-12 || total
---------------------------+-------+-------+-------+-------++-------
  Melee: Hand axe          |   142 |    92 |       |    72 ||   306
         War axe           |       |     9 |   204 |    32 ||   245
         Battleaxe         |       |       |       |   250 ||   250
   Fire: Sling             |       |    46 |    64 |     8 ||   118
 Invoke: Bend Time         |       |       |     2 |     6 ||     8
         Slouch            |       |       |     1 |     6 ||     7
    Use: Scroll            |       |     4 |     1 |     8 ||    13
         Potion            |       |     3 |     1 |     6 ||    10
   Stab: Invisible         |       |       |       |     1 ||     1
 Armour: Robe              |     6 |       |       |       ||     6
         Leather armour    |     2 |       |       |       ||     2
         Chain mail        |   126 |    42 |       |       ||   168
         Plate armour      |       |    85 |   261 |   291 ||   637
         Skin              |       |     5 |       |    26 ||    31
         Ring mail         |       |       |       |   119 ||   119
  Dodge: Dodged            |    49 |    40 |   101 |   278 ||   468

Table legend: (Time is in decaauts)
 A = Elapsed time spent in this place.
 B = Non-inter-level travel time spent in this place.
 C = Inter-level travel time spent in this place.
 D = Time resting spent in this place.
 E = Time spent auto-exploring this place.
 F = Levels seen in this place.
 G = Mean time per level.
                   A        B        C        D        E       F      G
               +--------+--------+--------+--------+--------+-----+--------+
         Total |  18469 |  16628 |   1841 |   3373 |  10406 |  13 | 1420.7 |
       Dungeon |  16050 |  14318 |   1732 |   2783 |   9145 |  10 | 1605.0 |
        Temple |     26 |      3 |     23 |      0 |      0 |   1 |   26.0 |
          Lair |   2391 |   2306 |     85 |    590 |   1260 |   2 | 1195.5 |
               +--------+--------+--------+--------+--------+-----+--------+

Top non-repeatable levels by time:
     D:7: 2721 daAuts
     D:9: 2066 daAuts
     D:5: 2019 daAuts
    D:10: 1847 daAuts
     D:8: 1624 daAuts
  Lair:1: 1551 daAuts
     D:4: 1533 daAuts
     D:6: 1392 daAuts
     D:1: 1149 daAuts
     D:2: 952 daAuts
  Lair:2: 840 daAuts
     D:3: 744 daAuts
  Temple: 26 daAuts
